 Dungeon Crawl Stone Soup version 0.15.0-14-g6bbbb5c (webtiles) character file.

4463 Kashira the Jinx (level 10, -3/84 HPs)
             Began as a Naga Enchanter on Sept 4, 2014.
             Was a Follower of Qazlal.
             Slain by an ice beast (13 damage)
             ... on Level 9 of the Dungeon.
             The game lasted 00:56:49 (10674 turns).

Kashira the Jinx (Naga Enchanter)                  Turns: 10674, Time: 00:56:50

HP  -3/84        AC  7     Str 10      XL: 10   Next: 37%
MP   4/25        EV 10     Int 17      God: Qazlal [*.....]
Gold 282         SH  5     Dex 14      Spells:  3 memorised, 14 levels left

rFire  . . .     SeeInvis +     g - +1 mace (crush)
rCold  . . .     Clarity  .     a - +0 leather armour
rNeg   . . .     rCorr    .     H - +0 buckler
rPois  +         rRot     .     (no helmet)
rElec  .         Spirit   .     (no cloak)
SustAb .         Warding  .     n - +1 pair of gloves
rMut   .         Stasis   +     (no barding)
Gourm  .                        t - amulet of stasis
MR     +....                    (no ring)
                                b - ring of invisibility

@: short of breath, very slow, somewhat resistant to hostile enchantments,
fairly stealthy
A: spit poison, see invisible, deformed body, poison resistance, slowness 2, AC
+3
a: Spit Poison, Renounce Religion, Evoke Invisibility


You were on level 9 of the Dungeon.
You worshipped Qazlal.
Qazlal was aware of your devotion.
You were near starving.

You visited 2 branches of the dungeon, and saw 10 of its levels.

You collected 372 gold pieces.
You spent 90 gold pieces at shops.

Inventory:

Hand weapons
 g - a +1 mace of crushing (weapon)
 y - a +4 dagger
 D - a +2 spear of flaming
Missiles
 J - 6 tomahawks (quivered)
Armour
 a - a +0 leather armour (worn)
 n - a +1 pair of gloves (worn)
 E - a +0 robe of cold resistance
 H - a +0 buckler (worn)
Magical devices
 j - a wand of enslavement (9)
 r - a wand of fire (2)
 v - a wand of polymorph (19)
 B - a wand of flame (12)
 C - a wand of paralysis (6)
 K - a wand of disintegration (4)
 R - a wand of frost (0)
 V - a wand of polymorph (3)
Comestibles
 d - 4 bread rations
 F - a meat ration
 U - a slice of pizza
Scrolls
 f - 7 scrolls of remove curse
 h - a scroll of enchant armour
 m - 2 scrolls of noise {unknown}
 w - 4 scrolls of recharging
 x - a scroll of enchant weapon {unknown}
 A - a scroll of silence {unknown}
 G - 3 scrolls of identify
 N - a scroll of fog {unknown}
 O - 2 scrolls of teleportation
Jewellery
 b - a ring of invisibility (left hand)
 t - an amulet of stasis (around neck)
 P - an uncursed amulet of faith
Potions
 e - 2 potions of restore abilities
 k - a potion of curing
 l - a potion of agility {unknown}
 o - a potion of invisibility
 p - 3 potions of haste
 q - a potion of brilliance
 u - a potion of degeneration {unknown}
Books
 c - a book of Maledictions

   Spells                             Type                      Level
   Corona                             Hexes                        1
   Sure Blade                         Hexes/Charms                 2
   Ensorcelled Hibernation            Hexes/Ice                    2
   *Confuse                           Hexes                        3
   *Dazzling Spray                    Conjuration/Hexes            3
   *Enslavement                       Hexes                        4
 s - a book of the Sky

   Spells                             Type                      Level
   Flight                             Charms/Air                   3
   Airstrike                          Air                          4
   Silence                            Hexes/Air                    5
   Deflect Missiles                   Charms/Air                   6
   Conjure Ball Lightning             Conjuration/Air              6
   Tornado                            Air                          9
 M - Sif Muna's Disquisition on Ashen Moulding
   (You found it on level 7 of the Dungeon)

   Spells                             Type                      Level
   Stoneskin                          Transmutation/Earth          2
   Passwall                           Transmutation/Earth          3
   Alistair's Intoxication            Transmutation/Poison         4
   Blade Hands                        Transmutation                5


   Skills:
 + Level 3.0 Fighting
 - Level 1.0 Short Blades
 + Level 3.0 Maces & Flails
 + Level 3.4 Armour
 + Level 4.4 Dodging
 - Level 4.6 Stealth
 + Level 0.5 Shields
 + Level 7.8 Spellcasting
 + Level 3.5 Conjurations
 + Level 8.9 Hexes
 + Level 0.7 Evocations


You had 14 spell levels left.
You knew the following spells:

 Your Spells              Type           Power        Failure   Level  Hunger
a - Enslavement           Hex            #####...     4%          4    ###....
b - Dazzling Spray        Conj/Hex       ####....     4%          3    ##.....
c - Confuse               Hex            #####...     1%          3    ##.....


Dungeon Overview and Level Annotations

Branches:
Dungeon (9/15)             Temple (1/1) D:7
    Orc: D:9-12        Lair: D:8-11

Altars:
Ashenzari
Cheibriados
Dithmenos
Elyvilon
Fedhas
Kikubaaqudgha
Makhleb
Nemelex Xobeh
Okawaru
Qazlal
Sif Muna
Trog
Vehumet
Xom
Yredelemnul
Zin
The Shining One

Annotations:
D:8 Gastronok; SaintRoka's ghost, experienced DrTm


Innate Abilities, Weirdness & Mutations

You cannot wear boots.
You can spit poison.
Your serpentine skin is tough (AC +3).
You have supernaturally acute eyesight.
Armour fits poorly on your strangely shaped body.
Your system is resistant to poisons.
You cover ground very slowly.


Message History

Press: ? - help, Shift-Dir - straight line, f/p - yak
Aim: a yak (almost dead, poisoned, bewildered and confused)
You throw a tomahawk.
The tomahawk hits the yak but does no damage.
The yak is almost dead.
Qazlal accepts your kill.
You feel a bit more experienced.
You hear the steady creaking of an oriflamme, a long way away.
You have got your breath back.
Use which ability? (? or * to list)
Press: ? - help, Shift-Dir - straight line, f - ice beast
Aim: an ice beast (severely wounded)
The splash of poison misses the ice beast.
You feel slightly more hungry. The ice beast barely misses you.
You barely miss the ice beast.
The ice beast is severely wounded.
The ice beast hits you.
* * * LOW HITPOINT WARNING * * *
The ice beast freezes you!
You die...

.. #....#
. #.#.##
#.#.#
..#.#
####.# #Y#
#(#
#.########
#.....Y@.#
########.#
.# .# ..
##


You could see an ice beast.

Vanquished Creatures
  Pikel (D:4)
  Grinder (D:5)
  A wyvern (D:5)
  3 yaks (D:9)
  Edmund (D:8)
  2 slaves
  A necrophage (D:8)
  A centaur (D:8)
  A black bear (D:7)
  3 phantoms
  5 ogres
  The ghost of HungrySpirit the Traitor, an average FoDK of Yredelemnul (D:3)
  Duvessa (D:8)
  4 giant frogs
  A gnoll sergeant (D:7)
  A wyvern skeleton (D:7)
  An eye of draining (D:9)
  4 killer bees (D:7)
  3 wights (D:7)
  2 crimson imps (D:5)
  A giant frog zombie (D:8)
  A goliath beetle (D:7)
  Dowan (D:8)
  4 orc priests
  2 jellies
  6 orc wizards
  3 worker ants
  4 hounds
  Natasha (thrice) (D:4)
  3 iguanas
  8 gnolls
  9 adders
  2 shadow imps
  2 giant mites
  A goliath beetle zombie (D:7)
  3 worms
  5 giant geckos
  31 orcs
  A ball python (D:3)
  7 bats
  A bat zombie (D:7)
  11 hobgoblins
  10 jackals
  3 quokkas
  6 giant cockroaches
  7 giant newts
  12 goblins
  2 hobgoblin skeletons (D:4)
  A hobgoblin zombie (D:7)
  17 kobolds
  An orc skeleton (D:4)
  An orc zombie (D:9)
  13 rats
220 creatures vanquished.

Vanquished Creatures (collateral kills)
  Maurice (D:8)
1 creature vanquished.

Grand Total: 221 creatures vanquished

Notes
Turn   | Place    | Note
--------------------------------------------------------------
     0 | D:1      | Kashira, the Naga Enchanter, began the quest for the Orb.
     0 | D:1      | Reached XP level 1. HP: 15/15 MP: 3/3
   319 | D:1      | Reached XP level 2. HP: 20/22 MP: 4/4
   940 | D:2      | Reached XP level 3. HP: 28/28 MP: 3/6
   945 | D:2      | Learned a level 3 spell: Dazzling Spray
  1365 | D:2      | Reached XP level 4. HP: 32/36 MP: 0/8
  1384 | D:2      | Learned a level 3 spell: Confuse
  1842 | D:3      | Noticed HungrySpirit's ghost (average FoDK)
  2359 | D:4      | Noticed Natasha
  2384 | D:4      | Noticed an ogre
  2384 | D:4      | Killed Natasha
  2384 | D:4      | Reached XP level 5. HP: 33/43 MP: 3/11
  2408 | D:4      | Killed an ogre
  2408 | D:4      | Reached skill level 1 in Conjurations
  2672 | D:4      | Reached XP level 6. HP: 50/50 MP: 0/13
  2871 | D:4      | Noticed Natasha
  2884 | D:4      | Killed Natasha
  2886 | D:4      | Reached skill level 1 in Fighting
  3091 | D:4      | Reached skill level 1 in Armour
  3395 | D:4      | Noticed a slave
  3395 | D:4      | Noticed a slave
  3395 | D:4      | Noticed a slave
  3428 | D:5      | Entered Level 5 of the Dungeon
  3656 | D:4      | HP: 2/51 [slave[Pikel] (4)]
  3935 | D:4      | Noticed Natasha
  3941 | D:4      | Killed Natasha
  4010 | D:4      | Noticed an ogre
  4023 | D:4      | Killed an ogre
  4023 | D:4      | Reached skill level 5 in Hexes
  4023 | D:4      | Reached XP level 7. HP: 49/57 MP: 2/15
  4297 | D:5      | Found Zin's Purification Station.
  4309 | D:5      | Found a glowing silver altar of Zin.
  4315 | D:5      | Bought a potion of restore abilities for 90 gold pieces
  4997 | D:5      | Noticed Grinder
  5002 | D:5      | Noticed a wyvern
  5095 | D:5      | Killed a wyvern
  5095 | D:5      | Reached XP level 8. HP: 3/64 MP: 14/18
  5398 | D:5      | Killed Grinder
  5398 | D:5      | Reached skill level 1 in Maces & Flails
  5398 | D:5      | Reached skill level 5 in Spellcasting
  5398 | D:5      | Reached skill level 6 in Hexes
  6949 | D:7      | Reached XP level 9. HP: 70/74 MP: 13/22
  6955 | D:7      | Learned a level 4 spell: Enslavement
  7255 | D:4      | Noticed a slave
  7255 | D:4      | Noticed Pikel
  7267 | D:5      | Killed a slave
  7454 | D:4      | Killed a slave
  7739 | D:4      | Killed Pikel
  7739 | D:4      | Reached skill level 7 in Hexes
  7930 | D:3      | Found a snail-covered altar of Cheibriados.
  7933 | D:3      | Found a shimmering altar of Xom.
  8144 | D:3      | Killed HungrySpirit's ghost
  8625 | D:7      | Found a staircase to the Ecumenical Temple.
  8660 | Temple   | Entered the Ecumenical Temple
  8790 | Temple   | Became a worshipper of Qazlal Stormbringer
  9342 | D:7      | Identified Sif Muna's Disquisition on Ashen Moulding
  9377 | D:7      | Found an ancient bone altar of Kikubaaqudgha.
  9470 | D:8      | Noticed SaintRoka's ghost (experienced DrTm)
  9473 | D:8      | Reached skill level 8 in Hexes
  9619 | D:8      | Reached XP level 10. HP: 79/82 MP: 1/25
  9870 | D:8      | Noticed Duvessa
  9870 | D:8      | Noticed Dowan
  9884 | D:8      | Killed Dowan
  9906 | D:8      | Noticed Maurice
  9938 | D:8      | Killed Maurice
  9947 | D:8      | Killed Duvessa
 10176 | D:8      | Noticed Edmund
 10195 | D:8      | Killed Edmund
 10348 | D:8      | Noticed Gastronok
 10421 | D:9      | Acquired Qazlal's first power
 10558 | D:9      | Found a glowing golden altar of the Shining One.
 10655 | D:9      | HP: 1/84 [yak (12)]
 10674 | D:9      | Slain by an ice beast

Action                   |  1- 3 |  4- 6 |  7- 9 | 10-12 || total
-------------------------+-------+-------+-------+-------++-------
Melee: Dagger            |    11 |    46 |    20 |       ||    77
       Whip              |    34 |    15 |    66 |       ||   115
       Flail             |       |    26 |       |       ||    26
       Mace              |       |       |   170 |    70 ||   240
       Unarmed           |       |       |       |     4 ||     4
Throw: Tomahawk          |       |       |       |     1 ||     1
 Cast: Corona            |     6 |       |       |       ||     6
       Dazzling Spray    |     2 |    27 |   105 |    18 ||   152
       Confuse           |       |    18 |    58 |    27 ||   103
 Abil: Spit Poison       |    34 |    57 |   124 |    35 ||   250
Evoke: Wand              |       |       |     2 |     4 ||     6
  Use: Potion            |       |     4 |     2 |     1 ||     7
       Scroll            |       |     8 |     2 |       ||    10
 Stab: Sleeping          |     1 |       |     3 |     1 ||     5
       Confused          |       |       |    13 |     4 ||    17
       Invisible         |       |       |     4 |       ||     4
       Distracted        |       |       |     1 |       ||     1
       Fleeing           |       |       |     1 |       ||     1
  Eat: Chunk             |     3 |    14 |    22 |     6 ||    45
       Meat ration       |       |     1 |     2 |       ||     3
       Beef jerky        |       |       |     1 |       ||     1
       Pizza             |       |       |     1 |       ||     1
